AoeStats
← joahellen22

Arabia

509311266Analyzed
1v1 RM · 7d ago on Sep 26, 2026· 23m 55s· 2 players
Game mode
Random Map
Map size
Tiny (2 player)
Population
200
Speed
Normal
Resources
Standard
Victory
Conquest
Starting age
Dark Age
Ending age
Imperial Age
RankedLock teamsTeams togetherTeam positionsShared explorationLock speedFull tech treeHidden civsTurbo modeCheats
Victory
Defeat
🇩🇪 Goths · Germany
868
+38
🇳🇱 Spanish · Netherlands
828
-37
mapia76_2
1:12 Loom
10:17 Feudal Age
11:27 Double-Bit Axe
13:48 Man-at-Arms
20:58 Forging
20:49 Scale Mail Armor
joahellen22
0:53 Loom
15:06 Feudal Age
20:24 Wheelbarrow
19:35 Town Watch
Connection lost

Rejoining the realm…

Still unreachable

The connection could not be restored.

Session expired

The server has moved on; the page needs a fresh start.